 Dungeon Crawl Stone Soup version 0.29-a0-338-g1ff7896281 (webtiles) character file.

Game seed: 10078022206722182903

301 sammy202020 the Ruffian (level 6, -10/62 HPs)
             Began as a Troll Fighter on Apr 18, 2022.
             Killed from afar by an acid dragon (26 damage)
             ... with a splash of acid
             ... on level 4 of the Dungeon.
             The game lasted 00:02:56 (1684 turns).

sammy202020 the Ruffian (Troll Fighter)             Turns: 1684, Time: 00:02:57

Health: -10/62     AC: -2    Str: 25    XL:     6   Next: 14%
Magic:  5/5        EV:  9    Int:  6    God:
Gold:   240        SH:  7    Dex:  9    Spells: 5/5 levels left

rFire   . . .      SeeInvis .     - Unarmed
rCold   . . .      Faith    .   b - +0 kite shield
rNeg    . . .      Spirit   .   a - +0 robe
rPois   .          Reflect  .   (helmet restricted)
rElec   .          Harm     .   o - +1 cloak
rCorr   .          Rampage  .   (gloves unavailable)
Will    .....                   (boots unavailable)
Stlth   +.........              (no amulet)
HPRegen 1.00/turn               (no ring)
MPRegen 0.09/turn               (no ring)

@: corroded, studying Unarmed Combat
A: large, unfitting armour, claws 3, regeneration 1, shaggy fur 1, tough skin 1
a: no special abilities


You were on level 4 of the Dungeon.
You visited 1 branch of the dungeon, and saw 4 of its levels.

You collected 240 gold pieces.

Inventory:

Hand Weapons
 q - a +0 flail
Armour
 a - a +0 robe (worn)
 b - a +0 kite shield (worn)
 o - a +1 cloak (worn)
Scrolls
 f - a scroll of fear
 j - 4 scrolls of amnesia
 l - a scroll of enchant weapon {unknown}
 m - 5 scrolls of vulnerability
 n - a scroll of noise
Potions
 c - 2 potions of might
 d - 3 potions of cancellation {unknown}
 e - 3 potions of curing
 g - 2 potions of heal wounds {unknown}
 h - 2 potions of haste {unknown}
 i - 2 potions of resistance {unknown}
 k - 3 potions of attraction
 p - a potion of brilliance {unknown}
 r - a potion of mutation {unknown}
 s - a potion of magic {unknown}


   Skills:
 * Level 3.8 Fighting
 + Level 3.2 Dodging
 + Level 3.1 Shields
 * Level 4.7 Unarmed Combat


You had 5 spell levels left.
You didn't know any spells.
Your spell library contained the following spells:

 Spells                   Type           Power      Damage    Failure   Level
 Dazzling Flash           Conj/Hex       0%         N/A       98%         3
 Ignite Poison            Fire/Tmut/Pois 0%         N/A       98%         3
 Mephitic Cloud           Conj/Pois/Air  0%         N/A       98%         3
 Iskenderun's Mystic Bla  Conj/Tloc      0%         2d3       100%        4
 Freezing Cloud           Conj/Ice/Air   0%         6-21      100%        5
 Starburst                Conj/Fire      0%         6d3       100%        6


Dungeon Overview and Level Annotations

Branches:
Dungeon (4/15)
 Temple: D:4-7

Altars:
Gozag


Innate Abilities, Weirdness & Mutations

You are too large for most types of armour.
You have claws for hands.
Your natural rate of healing is unusually fast.
You are covered in fur. (AC +1)
You have tough skin. (AC +1)


Message History

No target in view!
s - a fuming golden potion An acid dragon comes into view.
The acid dragon roars!
The acid dragon spits acid at you. The splash of acid hits you!!
The acid corrodes you!
You see here a fizzy ruby potion.
An acid dragon is nearby!
The acid dragon spits acid at you. The splash of acid hits you!
The acid corrodes you!
You are too injured to fight recklessly!
You are too injured to fight recklessly!
You are too injured to fight recklessly!
You are too injured to fight recklessly!
You are too injured to fight recklessly!
You are too injured to fight recklessly!
You are too injured to fight recklessly!
You are too injured to fight recklessly!
You are too injured to fight recklessly!
You are too injured to fight recklessly!
You are too injured to fight recklessly!
You are too injured to fight recklessly!
You are too injured to fight recklessly!
You are too injured to fight recklessly!
You are too injured to fight recklessly!
You are too injured to fight recklessly!
You are too injured to fight recklessly!
You are too injured to fight recklessly!
You are too injured to fight recklessly!
You are too injured to fight recklessly!
You are too injured to fight recklessly!
You are too injured to fight recklessly!
Unknown command.
The acid dragon bites you! The acid dragon claws you.
* * * LOW HITPOINT WARNING * * *
You scratch the acid dragon.
The acid dragon is lightly wounded.
The acid dragon spits acid at you. The splash of acid hits you!!
You die...

## #####.#
###.....###
#.........#
####...@D#
#..!..#..#
#.##.##..#
#######.##.##..#
####..........##..#
..............##.##
..............##..
..............##..
................


You could see an acid dragon (catching breath).

Vanquished Creatures
  A phantom (D:4)
  A gnoll shaman (D:3)
  8 gnolls
  5 adders
  An ufetubus (D:2)
  2 worms (D:2)
  A dart slug (D:1)
  An orc (D:3)
  5 bats
  4 endoplasms
  2 giant cockroaches
  3 goblins
  6 hobgoblins
  2 jackals (D:1)
  3 kobolds (D:1)
  2 quokkas
  10 ball pythons
  4 frilled lizards
  7 rats
68 creatures vanquished.

Notes
Turn   | Place    | Note
-------+----------+-------------------------------------------
     0 | D:1      | sammy202020 the Troll Fighter began the quest for the Orb.
     0 | D:1      | Reached XP level 1. HP: 22/22 MP: 0/0
    78 | D:1      | Reached XP level 2. HP: 29/29 MP: 1/1
   290 | D:1      | Found a faded altar of an unknown god.
   414 | D:2      | Reached XP level 3. HP: 36/36 MP: 2/2
   830 | D:2      | Reached XP level 4. HP: 40/45 MP: 3/3
   833 | D:2      | Reached skill level 3 in Unarmed Combat
   935 | D:3      | Found an opulent altar of Gozag.
  1306 | D:3      | Reached XP level 5. HP: 38/53 MP: 4/4
  1334 | D:3      | Reached skill level 4 in Unarmed Combat
  1655 | D:4      | Noticed a phantom
  1662 | D:4      | Killed a phantom
  1663 | D:4      | Reached XP level 6. HP: 60/62 MP: 5/5
  1679 | D:4      | Noticed an acid dragon
  1684 | D:4      | Killed from afar by an acid dragon

Illustrated notes

Levels and vault maps discovered:
D:1:      grunt_arrival_crossed_arrows, layout_rooms,
          ebering_ecumenical_altar_hall
D:2:      layout_rooms, kennysheep_cross_room
D:3:      layout_loops_cross, lemuel_round_altar, eino_tiny_chamber
D:4:      layout_basic

Skill      XL: |  1  2  3  4  5 |
---------------+----------------+-----
Fighting       | 3 |  3.8
Unarmed Combat | 3 4 |  4.7
Dodging        | 3 |  3.2
Shields        | 3 |  3.1

Action                   |  1- 3 |  4- 6 || total
-------------------------+-------+-------++-------
Melee: Unarmed           |    89 |    81 ||   170
  Use: Scroll            |       |     9 ||     9
 Stab: Sleeping          |       |     1 ||     1
Armor: Robe              |    34 |    21 ||    55
Dodge: Dodged            |    39 |    33 ||    72
Block: Kite shield       |    24 |    23 ||    47

Table legend: (Time is in decaauts)
 A = Elapsed time spent in this place.
 B = Non-inter-level travel time spent in this place.
 C = Inter-level travel time spent in this place.
 D = Time resting spent in this place.
 E = Time spent auto-exploring this place.
 F = Levels seen in this place.
 G = Mean time per level.
                   A        B        C        D        E       F      G
               +--------+--------+--------+--------+--------+-----+--------+
         Total |   1696 |   1639 |     57 |      0 |   1233 |   4 |  424.0 |
       Dungeon |   1696 |   1639 |     57 |      0 |   1233 |   4 |  424.0 |
               +--------+--------+--------+--------+--------+-----+--------+

Top non-repeatable levels by time:
     D:3: 735 daAuts
     D:2: 528 daAuts
     D:1: 402 daAuts
     D:4: 29 daAuts
